 Dungeon Crawl Stone Soup version 0.22-a0-42-g002c468 (webtiles) character file.

3194 KristoblXynda the Infuser (level 9, -4/61 HPs)
             Began as a Spriggan Skald on Jan 5, 2018.
             Was a Follower of Ashenzari.
             Killed by the air
             ... invoked by Gastronok
              (19 damage)
             ... on level 8 of the Dungeon.
             The game lasted 00:16:47 (8785 turns).

KristoblXynda the Infuser (Spriggan Skald)          Turns: 8785, Time: 00:16:48

Health: -4/61      AC: 24    Str:  8    XL:     9   Next: 64%
Magic:  16/31      EV:  4    Int: 16    God:    Ashenzari [*.....]
Gold:   619        SH:  0    Dex: 16    Spells: 17/24 levels left

rFire    . . .     SeeInvis +   j - +2 dagger (speed)
rCold    . . .     Gourm    .   (shield restricted)
rNeg     + + +     Faith    .   (armour currently unavailable)
rPois    +         Spirit   .   (helmet currently unavailable)
rElec    .         Reflect  .   (cloak currently unavailable)
rCorr    .         Harm     .   (gloves unavailable)
MR       ++...     NoTele   +   (boots unavailable)
Stlth    ++++......             (no amulet)
HPRegen  1.20/turn              p - ring of magical power (curse)
MPRegen  0.22/turn              i - ring of protection from magic

@: tree-form, infused, regenerating
A: very small, unfitting armour, see invisible, herbivore, slow metabolism 2
a: Curse Item, Scrying, Renounce Religion


You were on level 8 of the Dungeon.
You worshipped Ashenzari.
Ashenzari was aware of your devotion.
You were not hungry.
You were a tree.
You visited 2 branches of the dungeon, and saw 9 of its levels.

You collected 619 gold pieces.

Inventory:

Hand Weapons
 j - a +2 dagger of speed (weapon)
Missiles
 r - a throwing net (quivered)
Armour
 b - a +1 robe (melded)
Jewellery
 i - a ring of protection from magic (right branch)
 p - a cursed ring of magical power (left branch)
Wands
 a - a wand of iceblast (1)
 t - a wand of digging (5)
Scrolls
 e - a scroll of fog
 g - a scroll of immolation
 h - 3 scrolls of remove curse
 m - 4 scrolls of identify
 s - 3 scrolls of enchant armour
 u - 3 scrolls of teleportation
Potions
 f - a potion of brilliance
 k - a potion of curing
 l - 2 potions of lignification
 n - a potion of cancellation
 o - 3 potions of haste
 q - 2 potions of ambrosia
 v - a potion of agility
 w - 3 potions of invisibility
 x - a potion of heal wounds
 z - a potion of might
 A - a potion of flight
Books
 c - a book of Battle

   Spells                             Type                      Level
   a - Infusion                       Charms                       1
   b - Shroud of Golubria             Charms/Translocation         2
   c - Song of Slaying                Charms                       2
   d - Spectral Weapon                Hexes/Charms                 3
   e - Regeneration                   Charms/Necromancy            3
Comestibles
 d - 8 rations


   Skills:
 - Level 1.5 Fighting
 - Level 5.0 Short Blades
 + Level 6.4 Dodging
 + Level 9.8 Stealth
 + Level 8.2 Spellcasting
 - Level 10.1 Charms
 + Level 7.0 Evocations


You had 17 spell levels left.
You knew the following spells:

 Your Spells              Type           Power        Failure   Level  Hunger
a - Infusion              Chrm           ####         1%          1    None
b - Regeneration          Chrm/Necr      ###.......   4%          3    #......
c - Spectral Weapon       Hex/Chrm       ###.....     4%          3    #......


Dungeon Overview and Level Annotations

Branches:
Dungeon (8/15)             Temple (1/1) D:4
   Lair: D:8-11

Altars:
Ashenzari
Cheibriados
Dithmenos
Elyvilon
Fedhas
Gozag
Makhleb
Nemelex Xobeh
Okawaru
Qazlal
Ru
Sif Muna
Trog
Uskayaw
Vehumet
Wu Jian
Xom
Yredelemnul
Zin
The Shining One

Annotations:
D:8 Gastronok, Prince Ribbit


Innate Abilities, Weirdness & Mutations

You are very small and have problems with some larger weapons.
You are too small for most types of armour.
You have supernaturally acute eyesight. (SInv)
You are a herbivore.
((You cover ground extremely quickly.))
You need consume almost no food.


Message History

The orc wizard is moderately wounded.
The orc wizard hits you but does no damage.
Gastronok waves his eye-stalks in wide circles.
The air twists around and strikes you!
* * * LOW HITPOINT WARNING * * *
You hit the orc wizard.
The orc wizard is heavily wounded.
A wight comes into view. It is wielding an enchanted war axe.
You hit the orc wizard!
You kill the orc wizard!
Your Evocations skill increases to level 7!
Unknown command.
Okay, then.
Casting: Infusion
Confirm with . or Enter, or press ? or * to list all spells.
Your skin crawls.
The quokka bites you but does no damage.
Gastronok waves his eye-stalks in wide circles.
The air twists around and strikes you!
You die...

##....###'######.....#
......##..##..##.....#
<.............##....# #
##............##....##..
##.............#........
.#.............#z......<
.#.............'wz.o...o
##..####..##..##r##.###
#.. #####..##♣# ...
#......# ..'......#
.##......# #.....##
#.....# ....... ........


You could see Gastronok, 2 wights and a quokka.

Vanquished Creatures
  Pikel (D:7)
  A hippogriff (D:7)
  A steam dragon (D:7)
  Menkaure (D:6)
  2 insubstantial wisps (D:7)
  A water moccasin (D:7)
  A black bear (D:6)
  An orc warrior (D:7)
  4 sky beasts (D:7)
  2 slaves (D:7)
  2 ogres
  A centaur (D:5)
  5 bullfrogs
  A wight (D:8)
  2 howler monkeys
  A crimson imp (D:7)
  A centaur zombie (D:7)
  4 hounds
  A bullfrog skeleton (D:4)
  2 jellies
  6 orc wizards
  Jessica (D:3)
  3 iguanas
  3 worker ants
  5 adders
  3 oozes
  An adder zombie (D:3)
  3 worms (D:2)
  3 dart slugs
  23 orcs
  2 giant cockroaches
  6 goblins
  2 hobgoblins (D:1)
  12 jackals
  7 bats
  5 frilled lizards
  7 kobolds
  A quokka skeleton (D:5)
  15 rats
143 creatures vanquished.

Vanquished Creatures (others)
  A slave (D:7)
  An orc (D:3)
2 creatures vanquished.

Grand Total: 145 creatures vanquished

Notes
Turn   | Place    | Note
-------+----------+-------------------------------------------
     0 | D:1      | KristoblXynda the Spriggan Skald began the quest for the Orb.
     0 | D:1      | Reached XP level 1. HP: 10/10 MP: 5/5
   426 | D:1      | Reached XP level 2. HP: 14/14 MP: 6/6
   873 | D:1      | Reached skill level 5 in Charms
   907 | D:2      | Reached XP level 3. HP: 13/18 MP: 4/8
   912 | D:2      | Learned a level 3 spell: Regeneration
   916 | D:2      | Learned a level 3 spell: Spectral Weapon
  1395 | D:2      | Reached XP level 4. HP: 22/22 MP: 4/9
  1827 | D:3      | Noticed Jessica
  1835 | D:3      | Killed Jessica
  1835 | D:3      | Reached skill level 5 in Dodging
  2440 | D:3      | Reached skill level 1 in Stealth
  2453 | D:3      | Reached skill level 6 in Charms
  2453 | D:3      | Reached XP level 5. HP: 16/25 MP: 10/10
  3170 | D:3      | Found a white marble altar of Elyvilon.
  3390 | D:4      | Found a blossoming altar of Fedhas.
  3596 | D:4      | Found a staircase to the Ecumenical Temple.
  3785 | D:5      | Entered Level 5 of the Dungeon
  3794 | Temple   | Entered the Ecumenical Temple
  3831 | Temple   | Became a worshipper of Ashenzari the Shackled
  3995 | D:4      | Reached XP level 6. HP: 15/30 MP: 12/12
  4494 | D:5      | Reached skill level 7 in Charms
  4494 | D:5      | Reached XP level 7. HP: 12/33 MP: 13/14
  4856 | D:5      | Found an opulent altar of Gozag.
  5167 | D:6      | Reached skill level 5 in Short Blades
  5167 | D:6      | Reached skill level 5 in Stealth
  5411 | D:6      | Reached skill level 5 in Spellcasting
  5715 | D:6      | Noticed Menkaure
  5725 | D:6      | Killed Menkaure
  5725 | D:6      | Reached skill level 1 in Evocations
  5756 | D:6      | Found a stormy altar of Qazlal.
  5817 | D:6      | Reached skill level 8 in Charms
  5851 | D:6      | Reached * piety under Ashenzari
  5852 | D:6      | Found a glowing silver altar of Zin.
  6043 | D:6      | Reached XP level 8. HP: 37/37 MP: 17/17
  6115 | D:6      | Found a shimmering altar of Xom.
  7145 | D:7      | Reached skill level 9 in Charms
  7165 | D:7      | Noticed Pikel
  7200 | D:7      | Killed Pikel
  7200 | D:7      | Reached skill level 5 in Evocations
  7200 | D:7      | Reached XP level 9. HP: 29/41 MP: 4/20
  7510 | D:7      | Reached skill level 10 in Charms
  8467 | D:8      | Noticed Prince Ribbit
  8745 | D:8      | Noticed Gastronok
  8785 | D:8      | Killed from afar by Gastronok

Vault maps used:
D:1:      dpeg_arrival_tiny_i, minmay_rat_gold_closets
D:3:      first_ration, elyvilon_altar_4, uniq_jessica
D:4:      nicolae_overflow_hidden_temple, minmay_temple_entry_grid,
          hangedman_abyss_or_decor_stagger, fedhas_altar_1
D:5:      nicolae_gozag_seed_capital
D:6:      lemuel_crystal_altar, lemuel_round_altar, basic_altar, uniq_menkaure
D:7:      hangedman_misty_isle, uniq_pikel
D:8:      grunt_livestock, uniq_gastronok, uniq_prince_ribbit1
Temple:   lightli_temple_of_artemis

Skill      XL: |  1  2  3  4  5  6  7  8  9 |
---------------+----------------------------+-----
Dodging        | 4 5 6 |  6.4
Charms         | 5 6 7 8 9 10 | 10.1
Short Blades   | 3 4 5 |  5.0
Spellcasting   | 3 4 5 7 8 |  8.2
Stealth        | 1 3 4 6 8 9 |  9.8
Evocations     | 2 5 7 |  7.0
Fighting       | |  1.5

Action                   |  1- 3 |  4- 6 |  7- 9 || total
-------------------------+-------+-------+-------++-------
Melee: Short sword       |   116 |    16 |       ||   132
       Dagger            |       |   201 |   407 ||   608
 Cast: Infusion          |     9 |    16 |    24 ||    49
       Regeneration      |       |       |     8 ||     8
Invok: Curse Item        |       |     1 |       ||     1
Evoke: Wand              |       |       |     5 ||     5
  Use: Scroll            |       |     7 |    12 ||    19
       Potion            |       |     1 |     6 ||     7
 Stab: Sleeping          |     6 |     3 |    11 ||    20
  Eat: Ration            |       |     1 |     3 ||     4
Armor: Robe              |    10 |    15 |    18 ||    43
       Skin              |       |       |    18 ||    18
Dodge: Dodged            |   106 |   142 |   211 ||   459

Table legend:
 A = Spawn XP
 B = Non-spawn XP
 C = Spawn XP percentage of total XP
 D = Spawn monster count
 E = Non-spawn monster count
 F = Spawn count percentage of total count
 G = Total turns spent on level
                    A         B        C        D         E        F      G
               +---------+---------+-------+---------+---------+-------+---------
         Total |       0 |    4564 |   0.0 |       0 |     141 |   0.0 |  8785
               +---------+---------+-------+---------+---------+-------+---------
           D:1 |       0 |      39 |   0.0 |       0 |      25 |   0.0 |   897
           D:2 |       0 |      75 |   0.0 |       0 |      17 |   0.0 |   911
           D:3 |       0 |     169 |   0.0 |       0 |      25 |   0.0 |  1552
           D:4 |       0 |     293 |   0.0 |       0 |      12 |   0.0 |   856
           D:5 |       0 |     223 |   0.0 |       0 |       6 |   0.0 |   657
           D:6 |       0 |     736 |   0.0 |       0 |      20 |   0.0 |  1443
           D:7 |       0 |    2453 |   0.0 |       0 |      25 |   0.0 |  2034
           D:8 |       0 |     576 |   0.0 |       0 |      11 |   0.0 |   295
               +---------+---------+-------+---------+---------+-------+---------
